 Dungeon Crawl Stone Soup version 0.31-a0-237-g2d982f9f85 (webtiles) character file.

Game seed: 14778159791268407488

3525 qw the Skirmisher (level 9, 0/82 HPs)
             Began as a Minotaur Hexslinger on July 11, 2023.
             Was a Follower of Okawaru.
             Slain by a cane toad (4 damage)
             ... on level 1 of the Lair of Beasts.
             The game lasted 00:05:30 (9625 turns).

qw the Skirmisher (Minotaur Hexslinger)             Turns: 9625, Time: 00:05:30

Health: 0/82       AC: 20    Str: 17    XL:     9   Next: 81%
Magic:  7/9        EV: 20    Int: 14    God:    Okawaru [*.....]
Gold:   323        SH:  0    Dex: 15    Spells: 9/10 levels left

rFire   . . .        l - +0 orcbow
rCold   . . .        (shield currently unavailable)
rNeg    . . .        f - +4 ring mail of Erylos {rPois Str+4}
rPois   +            (helmet restricted)
rElec   .            j - +0 cloak
rCorr   .            e - +0 pair of gloves
SInv    .            (no boots)
Will    .....        (no amulet)
Stlth   ++           b - +4 ring of protection
HPRegen 0.33/turn    d - +5 ring of evasion
MPRegen 0.11/turn

%: no passive effects
@: lethally poisoned (0 -> -10), about to teleport, heroic
A: horns 2, retaliatory headbutt, iridescent scales 1, clever 1, wild magic 1
a: Renounce Religion, Heroism


You were on level 1 of the Lair of Beasts.
You worshipped Okawaru.
Okawaru was aware of your devotion.
You visited 3 branches of the dungeon, and saw 10 of its levels.

You collected 872 gold pieces.
You spent 549 gold pieces at shops.


Innate Abilities, Weirdness & Mutations

You have a pair of horns on your head.
You reflexively headbutt those who attack you in melee.
You are partially covered in iridescent scales. (AC +2)
Your mind is acute. (Int +4, Str/Dex -1)
Your spells are a little harder to cast, but a little more powerful.


   Skills:
 - Level 8.4(13.4) Fighting
 + Level 12.0(17.0) Ranged Weapons
 - Level 5.3(10.3) Armour
 - Level 4.2(9.2) Dodging
 - Level 1.0 Spellcasting
 - Level 2.0 Hexes
 + Level 0.0 Invocations


You had 9 spell levels left.
You knew the following spells:

 Your Spells              Type           Power      Damage    Failure   Level
a - Slow                  Hex            32%        N/A       26%         1

Your spell library contained the following spells:

 Spells                   Type           Power      Damage    Failure   Level
 Inner Flame              Hex/Fire       4%         N/A       71%         3
 Portal Projectile        Hex/Tloc       8%         N/A       71%         3
 Cause Fear               Hex            4%         N/A       92%         4

Inventory:

Hand Weapons
 l - a +0 orcbow (weapon)
Armour
 e - a +0 pair of gloves (worn)
 f - the +4 ring mail of Erylos (worn) {rPois Str+4}
   (You bought it in a shop on level 7 of the Dungeon)

   Str:       It affects your strength (+4).
   rPois:     It protects you from poison.
 j - a +0 cloak (worn)
 k - the +4 robe of Augmentation {Str+4 Int+4 Dex+4}
   (You found it on level 8 of the Dungeon)

   Str:       It affects your strength (+4).
   Int:       It affects your intelligence (+4).
   Dex:       It affects your dexterity (+4).
Jewellery
 b - a +4 ring of protection (left hand)
 d - a +5 ring of evasion (right hand)
Scrolls
 g - 2 scrolls of identify
Potions
 c - a potion of enlightenment
 i - 3 potions of mutation
 m - a potion of curing

Dungeon Overview and Level Annotations

Branches:
Dungeon (8/15)             Temple (1/1) D:7            Lair (1/5) D:8

Altars:
Ashenzari
Cheibriados
Dithmenos
Elyvilon
Fedhas
Gozag
Hepliaklqana
Kikubaaqudgha
Makhleb
Nemelex Xobeh
Okawaru
Qazlal
Ru
Sif Muna
Uskayaw
Vehumet
Wu Jian
Xom
Yredelemnul
Zin
The Shining One

Shops:
D:2 [   D:3 =   D:7 [

Annotations:
D:5 Edmund
D:7 1 runed translucent door, Crazy Yiuf
D:8 1 runed translucent door, qw's ghost, novice GrFi


Message History

You gain the combat prowess of a mighty hero.
Your surroundings suddenly seem different. 2 giant frogs, a komodo dragon, a water moccasin and a yak come into view.
Found 17 gold pieces and a flail.
You shoot an arrow.
The arrow hits the komodo dragon but does no damage.
The water moccasin hisses angrily.
The cane toad croaks.
You hear a loud, deep croak!
The yak bellows!
You hear a loud, deep croak!
You shoot an arrow.
The blink frog gives a loud, deep croak!
The arrow hits the komodo dragon!
The komodo dragon is lightly wounded.
A blink frog comes into view.
A yak comes into view.
9622 ||| READING scroll of teleportation.
As you read the scroll of teleportation, it crumbles to dust.
You feel strangely unstable.
A blink frog comes into view. x2; A yak comes into view.
You shoot an arrow.
The blink frog gives a loud, deep croak!
The blink frog croaks.
The yak bellows! x2
The arrow hits the komodo dragon.
The komodo dragon is moderately wounded.
The blink frog blinks!
The cane toad misses you.
The komodo dragon bites you but does no damage.
A blink frog comes into view.
You shoot an arrow.
The arrow hits the komodo dragon but does no damage.
The komodo dragon is moderately wounded.
The cane toad stings you.
You are lethally poisoned!
The cane toad poisons you! The komodo dragon bites you.
You shoot an arrow.
The arrow barely misses the komodo dragon.
The arrow barely misses the yak.
The blink frog croaks.
The arrow hits the blink frog!
The blink frog is moderately wounded.
You feel very sick. The cane toad stings you.
You die...

......F
...).Y.
....YF¤
...F..$
...F...
.Y.....
##lF.....
#@F......
##S......
.......
.......
.......
#######


You could see a komodo dragon, 3 yaks, a cane toad, 5 blink frogs and a water
moccasin.

Vanquished Creatures
  2 elephants (Lair:1)
  A komodo dragon (Lair:1)
  Sigmund (D:5)
  Eustachio (D:6)
  A sky beast (D:7)
  4 black bears
  3 ogres
  3 centaurs
  A kobold brigand (D:8)
  2 phantoms (D:6)
  2 gnoll sergeants (D:8)
  2 bullfrogs
  3 hounds
  A jelly (D:5)
  6 orc priests
  A gnoll bouda (D:7)
  A sleepcap (D:5)
  4 iguanas
  6 orc wizards
  9 adders
  6 gnolls
  3 white imps
  2 ufetubi (D:4)
  2 worms
  4 dart slugs
  21 orcs
  6 bats
  3 endoplasms
  3 giant cockroaches
  9 goblins
  4 hobgoblins
  5 quokkas
  5 ball pythons
  8 kobolds
  4 rats
139 creatures vanquished.

Notes
Turn   | Place    | Note
-------+----------+-------------------------------------------
     0 | D:1      | qw the Minotaur Hexslinger began the quest for the Orb.
     0 | D:1      | Reached XP level 1. HP: 16/16 MP: 1/1
     0 | D:1      | 0 ||| qw: Version: 0.3-a-52-g30416fa
     0 | D:1      | 0 ||| qw: Game counter: 5683
     0 | D:1      | 0 ||| qw: Melee chars always use a shield: true
     0 | D:1      | 0 ||| qw: God list: Okawaru
     0 | D:1      | 0 ||| qw: Allow faded altars: false
     0 | D:1      | 0 ||| qw: Do Orc after clearing Dungeon:15 true
     0 | D:1      | 0 ||| qw: Do second Lair branch before Depths: true
     0 | D:1      | 0 ||| qw: Lair rune preference: random
     0 | D:1      | 0 ||| qw: Goals: Normal
     0 | D:1      | 0 ||| PLANNING D:1-11
   186 | D:1      | Reached skill level 3 in Ranged Weapons
   362 | D:1      | Reached XP level 2. HP: 23/23 MP: 2/2
   867 | D:1      | 867 ||| UPGRADING to +0 leather armour.
   877 | D:1      | 877 ||| DROPPING +0 robe.
   878 | D:1      | 878 ||| READING scroll labelled HONICL MELUCI.
   882 | D:1      | 882 ||| READING 2 scrolls labelled HATUON ZEOSHAC.
   883 | D:1      | 883 ||| READING scroll labelled GEPEESHROAGU.
   884 | D:1      | 884 ||| DROPPING scroll of poison.
  1025 | D:2      | Reached XP level 3. HP: 29/29 MP: 3/3
  1082 | D:2      | You fall into a shaft and drop 2 floors!
  1199 | D:4      | Noticed an ogre
  1206 | D:4      | Killed an ogre
  1207 | D:4      | Reached skill level 5 in Ranged Weapons
  1207 | D:4      | Reached XP level 4. HP: 36/36 MP: 4/4
  1444 | D:4      | Reached XP level 5. HP: 42/42 MP: 5/5
  1569 | D:4      | 1569 ||| READING scroll labelled XESTIU WUXA.
  1570 | D:4      | 1570 ||| READING scroll labelled FUOCUS UCOA.
  1571 | D:4      | 1571 ||| DRINKING 2 red potions.
  1572 | D:4      | 1572 ||| READING 2 scrolls of identify.
  1572 | D:4      | 1572 ||| IDENTIFYING purple potion
  1573 | D:4      | 1573 ||| DROPPING potion of brilliance.
  1604 | D:3      | Found Gorr's Jewellery Emporium.
  1609 | D:3      | 1609 ||| SHOPLISTING amulet "Saxzezoh" {Spirit Str+3} (519
                  | gold, have 67).
  1609 | D:3      | 1609 ||| SHOPLISTING ring of ice (300 gold, have 67).
  1609 | D:3      | 1609 ||| SHOPLISTING ring of protection from cold (300
                  | gold, have 67).
  1609 | D:3      | 1609 ||| SHOPLISTING ring of protection from fire (300
                  | gold, have 67).
  1609 | D:3      | 1609 ||| SHOPLISTING ring of resist corrosion (240 gold,
                  | have 67).
  1680 | D:3      | Reached skill level 3 in Fighting
  1725 | D:3      | 1725 ||| UPGRADING to +4 ring of protection.
  1734 | D:2      | Found Ammedwud's Armour Shop.
  1840 | D:2      | 1840 ||| BUYING +0 cloak (45 gold).
  1840 | D:2      | Bought a +0 cloak for 45 gold pieces
  1840 | D:2      | 1840 ||| SHOPLISTING +4 skin of Zhor {*Englaciate rC+++
                  | SInv} (665 gold, have 50).
  2072 | D:2      | 2072 ||| UPGRADING to +0 cloak.
  2077 | D:2      | 2077 ||| READING 2 scrolls of identify.
  2077 | D:2      | 2077 ||| IDENTIFYING inky potion
  2078 | D:2      | 2078 ||| DROPPING potion of invisibility.
  2161 | D:3      | Found a radiant altar of Vehumet.
  2541 | D:3      | Reached skill level 6 in Ranged Weapons
  2594 | D:3      | Reached skill level 1 in Armour
  2796 | D:3      | 2796 ||| UPGRADING to +5 ring of evasion.
  2797 | D:3      | 2797 ||| DROPPING ring of resist corrosion.
  2798 | D:3      | 2798 ||| READING scroll labelled NIGGAB FEICO.
  2799 | D:3      | 2799 ||| READING scroll labelled KEXKEAT GODULU.
  2800 | D:3      | 2800 ||| DRINKING 2 fizzy grey potions.
  2800 | D:3      | Gained mutation: You are partially covered in iridescent
                  | scales. (AC +2) [potion of mutation]
  2800 | D:3      | Gained mutation: Your spells are a little harder to cast,
                  | but a little more powerful. [potion of mutation]
  2800 | D:3      | Gained mutation: Your mind is acute. (Int +4, Str/Dex -1)
                  | [potion of mutation]
  2801 | D:3      | 2801 ||| READING 2 scrolls of identify.
  2801 | D:3      | 2801 ||| IDENTIFYING fizzy brown potion
  2802 | D:3      | 2802 ||| DROPPING potion of attraction.
  2907 | D:4      | Reached XP level 6. HP: 46/51 MP: 6/6
  3253 | D:4      | Found an ornate altar of the Wu Jian Council.
  3331 | D:5      | Entered Level 5 of the Dungeon
  3551 | D:5      | Reached skill level 7 in Ranged Weapons
  3649 | D:5      | Reached XP level 7. HP: 59/59 MP: 7/7
  3791 | D:5      | Reached skill level 8 in Ranged Weapons
  4048 | D:5      | 4048 ||| SWAPPING to +0 shortbow.
  4049 | D:5      | 4049 ||| DROPPING +1 sling of chaos.
  4050 | D:5      | Noticed Edmund
  4052 | D:5      | Noticed Sigmund
  4069 | D:5      | HP: 12/60 [something (8)]
  4070 | D:5      | 4070 ||| READING 5 scrolls of teleportation.
  4343 | D:5      | Killed Sigmund
  4344 | D:5      | Reached skill level 6 in Fighting
  4405 | D:5      | 4405 ||| UPGRADING to +0 ring mail.
  4415 | D:5      | 4415 ||| DROPPING +0 leather armour.
  4416 | D:5      | 4416 ||| READING scroll labelled GYGHOU BUIGI.
  4417 | D:5      | 4417 ||| READING 2 scrolls of identify.
  4417 | D:5      | 4417 ||| IDENTIFYING white potion
  4418 | D:5      | 4418 ||| DROPPING potion of degeneration.
  4725 | D:6      | Noticed Eustachio
  4763 | D:6      | Killed Eustachio
  4764 | D:6      | Reached XP level 8. HP: 65/70 MP: 8/8
  5038 | D:6      | Reached skill level 9 in Ranged Weapons
  5420 | D:6      | Reached skill level 10 in Ranged Weapons
  5438 | D:6      | Reached skill level 3 in Dodging
  5594 | D:6      | 5594 ||| UPGRADING to +0 pair of gloves.
  5599 | D:6      | 5599 ||| READING scroll labelled CONIPLIGUF.
  5599 | D:6      | Identified a scroll of acquirement
  5599 | D:6      | 5599 ||| ACQUIRING 366 gold pieces
  5599 | D:6      | Acquired 366 gold pieces
  5601 | D:6      | 5601 ||| DRINKING 2 sapphire potions.
  5602 | D:6      | 5602 ||| READING 3 scrolls of identify.
  5602 | D:6      | 5602 ||| IDENTIFYING smoky orange potion
  5603 | D:6      | 5603 ||| READING 2 scrolls of identify.
  5603 | D:6      | 5603 ||| IDENTIFYING smoky clear potion
  5604 | D:6      | 5604 ||| DROPPING potion of lignification.
  5608 | D:7      | Found Ijusaklofisch's Antique Armour Emporium.
  5611 | D:7      | 5611 ||| SHOPLISTING +5 robe of Night {Dark Will+ SInv}
                  | (1440 gold, have 621).
  5611 | D:7      | 5611 ||| BUYING crude ring mail (216 gold).
  5611 | D:7      | Bought a crude ring mail for 216 gold pieces
  5611 | D:7      | Identified the +4 ring mail of Erylos {rPois Str+4} (You
                  | bought it in a shop on level 7 of the Dungeon)
  5611 | D:7      | 5611 ||| BUYING dyed leather armour (120 gold).
  5611 | D:7      | Bought a dyed leather armour for 120 gold pieces
  5611 | D:7      | 5611 ||| BUYING runed ring mail (168 gold).
  5611 | D:7      | Bought a runed ring mail for 168 gold pieces
  5643 | D:7      | Reached skill level 3 in Armour
  5773 | D:7      | 5773 ||| Stepping ~*~*~tactically~*~*~ (outnumbered).
  5781 | D:7      | 5781 ||| Stepping ~*~*~tactically~*~*~ (outnumbered).
  5806 | D:7      | HP: 7/73 [gnoll/+0 halberd[a gnoll bouda] (12)]
  5807 | D:7      | 5807 ||| READING 4 scrolls of teleportation.
  5808 | D:7      | 5808 ||| DRINKING 2 potions of heal wounds.
  5940 | D:7      | Reached XP level 9. HP: 77/79 MP: 9/9
  5974 | D:7      | Found a staircase to the Ecumenical Temple.
  5975 | D:7      | 5975 ||| PLANNING TEMPLE
  6031 | D:7      | 6031 ||| UPGRADING to +4 ring mail of Erylos {rPois Str+4}.
  6041 | D:7      | 6041 ||| DROPPING +2 leather armour of willpower.
  6042 | D:7      | 6042 ||| DROPPING +0 ring mail.
  6043 | D:7      | 6043 ||| DROPPING +1 ring mail of cold resistance.
  6049 | Temple   | Entered the Ecumenical Temple
  6121 | Temple   | 6121 ||| PLANNING OKAWARU WORSHIP
  6337 | Temple   | Became a worshipper of Warmaster Okawaru
  6338 | Temple   | 6338 ||| PLANNING D:1-11
  6559 | D:7      | Reached skill level 11 in Ranged Weapons
  6707 | D:7      | Found a runed translucent door.
  6708 | D:7      | Noticed Crazy Yiuf
  6711 | D:7      | 6711 ||| READING scroll labelled QATEIXTESTU.
  6740 | D:8      | Found a shadowy altar of Dithmenos.
  6962 | D:8      | Found the +4 robe of Augmentation {Str+4 Int+4 Dex+4}
  7042 | D:8      | HP: 18/79 [poisoned by a gnoll sergeant]
  7043 | D:8      | 7043 ||| READING 4 scrolls of teleportation.
  7044 | D:8      | 7044 ||| DRINKING potion of heal wounds.
  7049 | D:8      | HP: 17/79 [poisoned by a gnoll sergeant]
  7054 | D:8      | HP: 11/79 [poisoned by a gnoll sergeant]
  7373 | D:8      | Found a staircase to the Lair.
  7376 | D:8      | HP: 17/79 [gnoll sergeant/+0 spear of venom (6)]
  7377 | D:8      | 7377 ||| READING 3 scrolls of teleportation.
  7381 | D:8      | HP: 8/79 [poisoned by a gnoll sergeant]
  7382 | D:8      | 7382 ||| FLEEEEING.
  7386 | D:8      | HP: 4/79 [poisoned by a gnoll sergeant]
  7626 | D:8      | Identified the +7 whip of the Lusting Mosquito {elec,
                  | Will+}
  8038 | D:8      | 8038 ||| FLEEEEING.
  8351 | D:8      | Found a runed translucent door.
  8351 | D:8      | Noticed qw's ghost (novice GrFi)
  8352 | D:8      | Noticed a polar bear
  8352 | D:8      | Identified the +0 trident of Diotat {freeze, *Corrode Drain
                  | Int+4 Dex+2}
  8443 | D:8      | 8443 ||| PLANNING LAIR
  8530 | D:8      | 8530 ||| SWAPPING to +0 orcbow.
  8531 | D:8      | 8531 ||| DROPPING +0 shortbow.
  9354 | D:8      | 9354 ||| Stepping randomly (stuck).
  9380 | Lair:1   | Entered Level 1 of the Lair of Beasts
  9380 | Lair:1   | Noticed a komodo dragon
  9407 | Lair:1   | Killed a komodo dragon
  9408 | Lair:1   | Reached skill level 12 in Ranged Weapons
  9590 | Lair:1   | Noticed an elephant
  9590 | Lair:1   | Noticed an elephant
  9592 | Lair:1   | Noticed an elephant
  9602 | Lair:1   | Killed an elephant
  9614 | Lair:1   | HP: 12/82 [elephant (11)]
  9615 | Lair:1   | 9615 ||| READING 2 scrolls of teleportation.
  9616 | Lair:1   | 9616 ||| DRINKING potion of heal wounds.
  9618 | Lair:1   | Killed an elephant
  9618 | Lair:1   | Reached * piety under Okawaru
  9619 | Lair:1   | 9619 ||| INVOKING Heroism.
  9619 | Lair:1   | Noticed a cane toad
  9619 | Lair:1   | Noticed a komodo dragon
  9622 | Lair:1   | 9622 ||| READING scroll of teleportation.
  9624 | Lair:1   | HP: 11/82 [cane toad (3)]
  9625 | Lair:1   | HP: 4/82 [poisoned by a cane toad]
  9625 | Lair:1   | Slain by a cane toad

Levels and vault maps discovered:
D:1:      giann_horns, layout_basic
D:2:      layout_rooms, serial_shops, nicolae_shop_peninsula,
          kennysheep_generic_room_14
D:3:      layout_loops_corners, vehumet_altar_wand_db, serial_shops,
          nicolae_shop_back_alley_shop, dk_vineyard_1
D:4:      layout_loops_corners, nzn_wu_jian_council_hall
D:5:      layout_gridville, sigmund_edmund_badplayer
D:6:      layout_basic, minmay_misc_feat_ornament, columned_hall_lemuel,
          uniq_eustachio
D:7:      layout_rooms, temple_green, serial_shops, shop_fountains,
          uniq_crazy_yiuf_cottage
D:8:      layout_cave_pods, mainiacjoe_overflow_tiny_flanked, dpeg_oklobed_lair,
          ebering_ghost_funeral_grove, minmay_starry_boxes
Temple:   dpeg_five_rooms_temple
Lair:1:   layout_roguey, nicolae_lair_lil_pond, cheibrodos_lair_lostbears,
          lemuel_fruit_tree

Skill      XL: |  1  2  3  4  5  6  7  8  9 |
---------------+----------------------------+-----
Ranged Weapons | 3 5 6 7 8 10 12 | 12.0
Fighting       | 2 3 4 6 7 8 |  8.4
Armour         | 1 2 3 5 |  5.3
Dodging        | 3 4 |  4.2
Spellcasting   | |  1.0
Hexes          | |  2.0

Action                     |  1- 3 |  4- 6 |  7- 9 || total
---------------------------+-------+-------+-------++-------
   Fire: Sling             |    87 |   213 |    21 ||   321
         Shortbow          |       |       |   461 ||   461
         Orcbow            |       |       |    56 ||    56
 Invoke: Heroism           |       |       |     1 ||     1
    Use: Scroll            |     3 |     7 |    12 ||    22
         Potion            |       |     2 |     4 ||     6
 Armour: Robe              |     1 |       |       ||     1
         Leather armour    |     4 |    25 |     9 ||    38
         Ring mail         |       |       |   159 ||   159
  Dodge: Dodged            |    30 |    68 |   350 ||   448

Table legend:
 A = Non-vault XP
 B = Vault XP
 C = Vault XP percentage of total XP
 D = Non-vault monster count
 E = Vault monster count
 F = Vault count percentage of total count
                 A         B        C        D         E       F
            +---------+---------+-------+---------+---------+-------
      Total |    4290 |     746 |  14.8 |     132 |       7 |   5.0
            +---------+---------+-------+---------+---------+-------
        D:1 |      27 |       0 |   0.0 |      16 |       0 |   0.0
        D:2 |      43 |       2 |   4.4 |      16 |       1 |   5.9
        D:3 |     120 |       1 |   0.8 |      18 |       1 |   5.3
        D:4 |     201 |       0 |   0.0 |      13 |       0 |   0.0
        D:5 |     642 |     231 |  26.5 |      18 |       1 |   5.3
        D:6 |     866 |     185 |  17.6 |      19 |       1 |   5.0
        D:7 |     792 |       0 |   0.0 |      19 |       0 |   0.0
        D:8 |     245 |     327 |  57.2 |      10 |       3 |  23.1
     Lair:1 |    1354 |       0 |   0.0 |       3 |       0 |   0.0
            +---------+---------+-------+---------+---------+-------
